 Dungeon Crawl Stone Soup version 0.23.2-1-ga50397a (webtiles) character file.

Game seed: 1592266033027465970

511 myga the Firebug (level 7, -8/36 HPs)
             Began as a Tengu Fire Elementalist on May 18, 2019.
             Mangled by Menkaure (10 damage)
             ... on level 5 of the Dungeon.
             The game lasted 00:20:29 (3564 turns).

myga the Firebug (Tengu Fire Elementalist)          Turns: 3564, Time: 00:20:30

Health: -8/36      AC:  3    Str:  9    XL:     7   Next: 19%
Magic:  7/13       EV: 13    Int: 16    God:
Gold:   332        SH:  0    Dex: 17    Spells: 2/13 levels left

rFire    . . .     SeeInvis +   j - +2 short sword (holy)
rCold    + . .     Gourm    .   (no shield)
rNeg     . . .     Faith    .   a - +1 robe
rPois    .         Spirit   .   (helmet restricted)
rElec    .         Reflect  .   (no cloak)
rCorr    .         Harm     .   (no gloves)
MR       .....                  (boots unavailable)
Stlth    +++.......             (no amulet)
HPRegen  0.12/turn              d - ring of protection from cold
MPRegen  0.13/turn              h - ring of see invisible

@: very slightly contaminated
A: beak, talons 3, thin skeletal structure 1, no potion heal 1, able to fly
a: Fly


You were on level 5 of the Dungeon.
You were not hungry.

You visited 1 branch of the dungeon, and saw 5 of its levels.

You collected 332 gold pieces.

Inventory:

Hand Weapons
 j - a +2 short sword of holy wrath (weapon)
Armour
 a - a +1 robe (worn)
Jewellery
 d - a ring of protection from cold (left hand)
 h - a ring of see invisible (right hand)
Wands
 n - a wand of flame (22)
Scrolls
 b - a scroll of teleportation
 e - 2 scrolls of enchant armour
 f - a scroll of fear
 o - 3 scrolls of remove curse
Potions
 g - 2 potions of flight
 i - a potion of haste {unknown}
 l - a potion of magic
 m - a potion of lignification {unknown}
 p - a potion of agility {unknown}
 q - a potion of mutation
 s - 2 potions of ambrosia {unknown}
 u - a potion of degeneration {unknown}
Comestibles
 c - 10 rations
 t - a chunk of flesh


   Skills:
 + Level 0.1 Fighting
 + Level 0.5 Short Blades
 + Level 3.0 Dodging
 + Level 3.6 Stealth
 + Level 0.1 Unarmed Combat
 + Level 3.5 Spellcasting
 + Level 4.7 Conjurations
 + Level 1.1 Necromancy
 + Level 4.9 Fire Magic
 + Level 1.4 Evocations


You had 2 spell levels left.
You knew the following spells:

 Your Spells              Type           Power        Failure   Level  Hunger
a - Flame Tongue          Conj/Fire      ###..        2%          1    None
b - Throw Flame           Conj/Fire      ###...       3%          2    ##.....
c - Conjure Flame         Conj/Fire      ###.....     8%          3    ###....
d - Animate Skeleton      Necr           N/A          11%         1    None
e - Pain                  Necr           #...         11%         1    None
f - Vampiric Draining     Necr           #.........   32%         3    ###....

Your spell library contained the following spells:

 Spells                   Type           Power        Failure   Level  Hunger
 Inner Flame              Hex/Fire       ##......     19%         3    ###....
 Sticky Flame             Conj/Fire      ###.....     24%         4    ####...
 Regeneration             Chrm/Necr      #.........   38%         3    ###....
 Fireball                 Conj/Fire      ###.......   56%         5    ######.
 Animate Dead             Necr           N/A          73%         4    ####...


Dungeon Overview and Level Annotations

Branches:
Dungeon (5/15)
 Temple: D:4-7

Altars:
Okawaru
Zin

Annotations:
D:5 Menkaure


Innate Abilities, Weirdness & Mutations

You have a beak for a mouth.
You have claws for feet.
You can fly continuously.
You have a somewhat thin skeletal structure. (Dex +2, Stealth)
Potions are less effective at restoring your health.


Message History

Aim: an ogre, wielding a +0 giant club (heavily wounded)
The flame tongue hits the ogre.
The ogre is heavily wounded.
The ogre hits you with a +0 giant club!!
Ouch! That really hurt!
* * * LOW HITPOINT WARNING * * *
The crimson imp blinks!
Okay, then.
Press: ? - help, v - describe, . - travel
Here: an ogre, wielding a +0 giant club (heavily wounded)
A stone staircase leading up, spattered with blood.
Okay, then.
Blink to where?
Press: ? - help, Dir - move target cursor, p - ogre You are very lightly contaminated with residual magic.
As you read the scroll of blinking, it crumbles to dust.
Menkaure, Prince of Dust comes into view.
Found a scroll of teleportation and a falchion.
Menkaure hits you!
You die...

.. .. ##
###. )# ..
.... ..#.
#... ... ..#
#.### #.##.#
#..?..#.#..#
#.M@...#
#....#.#
#....#
#.##.. #.
#... #.
##.## . #.##
. #.O#
.#####ยง##


You could see an ogre and Menkaure.

Vanquished Creatures
  Sigmund (D:4)
  Blork the orc (D:4)
  An orc priest (D:4)
  An orc wizard (D:4)
  A hound (D:4)
  Natasha (thrice) (D:3)
  A worker ant (D:4)
  3 adders
  An ooze (D:4)
  6 worms
  2 dart slugs
  3 leopard geckos
  2 orcs
  10 bats
  3 giant cockroaches
  7 goblins
  6 hobgoblins
  4 jackals
  8 kobolds
  2 quokkas
  A ball python (D:2)
  4 frilled lizards
  A quokka skeleton (D:4)
  5 rats
77 creatures vanquished.

Notes
Turn   | Place    | Note
-------+----------+-------------------------------------------
     0 | D:1      | myga the Tengu Fire Elementalist began the quest for the
                  | Orb.
     0 | D:1      | Reached XP level 1. HP: 10/10 MP: 4/4
   115 | D:1      | Reached XP level 2. HP: 15/15 MP: 6/6
   218 | D:1      | Learned a level 2 spell: Throw Flame
   582 | D:1      | Reached XP level 3. HP: 19/19 MP: 2/7
  1200 | D:2      | Learned a level 3 spell: Conjure Flame
  1460 | D:2      | Reached XP level 4. HP: 6/24 MP: 0/8
  1966 | D:3      | Learned a level 1 spell: Animate Skeleton
  1968 | D:3      | Learned a level 1 spell: Pain
  2031 | D:3      | Noticed Natasha
  2037 | D:3      | Killed Natasha
  2104 | D:3      | Found an iron altar of Okawaru.
  2352 | D:3      | Noticed Natasha
  2359 | D:3      | Killed Natasha
  2359 | D:3      | Gained mutation: You can fly continuously. [Tengu growth]
  2359 | D:3      | Reached XP level 5. HP: 20/28 MP: 6/10
  2508 | D:3      | Noticed Natasha
  2517 | D:3      | Killed Natasha
  2734 | D:4      | Reached skill level 1 in Necromancy
  2832 | D:4      | Found a glowing silver altar of Zin.
  2873 | D:4      | Reached XP level 6. HP: 32/32 MP: 11/11
  2881 | D:4      | Noticed Blork the orc
  2897 | D:4      | Killed Blork the orc
  2913 | D:4      | Reached skill level 1 in Evocations
  3311 | D:4      | Noticed Sigmund
  3331 | D:4      | Killed Sigmund
  3331 | D:4      | Reached XP level 7. HP: 29/36 MP: 3/13
  3356 | D:4      | Learned a level 3 spell: Vampiric Draining
  3547 | D:4      | Gained mutation: Potions are less effective at restoring
                  | your health. [potion of mutation]
  3547 | D:4      | Gained mutation: You have a somewhat thin skeletal
                  | structure. (Dex +2, Stealth) [potion of mutation]
  3550 | D:5      | Entered Level 5 of the Dungeon
  3561 | D:5      | HP: 1/36 [ogre/+0 giant club (33)]
  3563 | D:5      | Noticed Menkaure
  3564 | D:5      | Mangled by Menkaure

Skill      XL: |  1  2  3  4  5  6 |
---------------+-------------------+-----
Conjurations   | 2 3 4 |  4.7
Fire Magic     | 4 |  4.9
Spellcasting   | 3 |  3.5
Necromancy     | 1 |  1.1
Stealth        | 3 |  3.6
Evocations     | 1 |  1.4
Dodging        | 3 |  3.0
Fighting       | |  0.1
Short Blades   | |  0.5
Unarmed Combat | |  0.1

Action                   |  1- 3 |  4- 6 |  7- 9 || total
-------------------------+-------+-------+-------++-------
Melee: Dagger            |    33 |    11 |       ||    44
       Kick              |     9 |       |       ||     9
       Unarmed           |     1 |       |       ||     1
       Peck              |     5 |     1 |       ||     6
       Short sword       |       |       |     2 ||     2
 Cast: Flame Tongue      |    60 |    60 |    11 ||   131
       Animate Skeleton  |       |    10 |     3 ||    13
       Pain              |       |     3 |       ||     3
       Throw Flame       |       |     9 |     2 ||    11
Evoke: Wand              |       |    15 |       ||    15
  Use: Scroll            |     1 |     6 |     2 ||     9
       Potion            |     1 |     5 |     1 ||     7
 Stab: Sleeping          |     7 |     4 |       ||    11
  Eat: Chunk             |     3 |     6 |     1 ||    10
Armor: Robe              |     7 |     6 |       ||    13
Dodge: Dodged            |    30 |    15 |     4 ||    49
